 Dungeon Crawl Stone Soup version 0.28-a0-1629-gf728b707aa (webtiles) character file.

Game seed: 3137875515225884820

343 porpoise the Magician (level 6, -1/47 HPs)
             Began as a Djinni Conjurer on Jan 25, 2022.
             Slain by Ijyb (2 damage)
             ... on level 4 of the Dungeon.
             The game lasted 00:07:19 (3521 turns).

porpoise the Magician (Djinni Conjurer)             Turns: 3521, Time: 00:07:20

Health: -1/47      AC:  7    Str:  8    XL:     6   Next: 88%
Gold:   141        EV: 12    Int: 20    God:
                   SH:  0    Dex: 11

rFire   + + .      SeeInvis .   a - +0 short sword
rCold   x . .      Faith    .   (no shield)
rNeg    . . .      Spirit   .   o - +0 robe
rPois   ∞          Reflect  .   (no helmet)
rElec   .          Harm     .   (no cloak)
rCorr   .          Rampage  .   f - +0 pair of gloves
Will    .....                   (boots unavailable)
Stlth   ++........              (no amulet)
HPRegen 0.15/turn               m - +4 ring of protection
MPRegen 0.00/turn               (no ring)

@: flying
A: sickness immunity, fire resistance 2, cold vulnerability 1, float, innate
caster, hp casting, extra vitality 1
a: no special abilities


You were on level 4 of the Dungeon.
You visited 1 branch of the dungeon, and saw 4 of its levels.

You collected 141 gold pieces.

Inventory:

Hand Weapons
 a - a +0 short sword (weapon)
Missiles
 h - 44 stones
 k - 12 arrows
 v - a throwing net
 w - 2 silver boomerangs
Armour
 f - a +0 pair of gloves (worn)
 o - a +0 robe (worn)
 p - the +0 leather armour "Teevvin" {Dex+2 Slay+3}
   (You found it on level 2 of the Dungeon)

   Dex:       It affects your dexterity (+2).
   Slay:      It affects your accuracy & damage with ranged weapons and melee
   (+3).
Jewellery
 m - a +4 ring of protection (left hand)
Scrolls
 b - a scroll of holy word {unknown}
 c - 3 scrolls of identify {unknown}
 d - a scroll of acquirement {unknown}
 e - 5 scrolls of teleportation {unknown}
 g - a scroll of immolation {unknown}
 l - a scroll of fog {unknown}
 t - a scroll of silence {unknown}
 u - a scroll of noise {unknown}
Potions
 i - a potion of curing {unknown}
 j - 3 potions of heal wounds {unknown}
 n - a potion of flight {unknown}
 q - a potion of attraction {unknown}
 r - a potion of haste {unknown}
 s - a potion of lignification {unknown}


   Skills:
 * Level 3.8 Fighting
 - Level 2.1 Dodging
 + Level 3.1 Stealth
 * Level 4.5 Spellcasting


You couldn't memorise any spells.
You knew the following spells:

 Your Spells              Type           Power      Damage    Failure   Level
a - Magic Dart            Conj           88%        1d7       1%          1
b - Searing Ray           Conj           44%        2d6       3%          2
c - Fulminant Prism       Conj/Hex       11%        3d9       19%         4
d - Iskenderun's Mystic   Conj/Tloc      22%        2d6       19%         4
e - Shock                 Conj/Air       88%        1d8       1%          1
w - Wereblood             Tmut           22%        N/A       3%          2
z - Dazzling Flash        Conj/Hex       44%        N/A       6%          3
Your spell library was empty.

Dungeon Overview and Level Annotations

Branches:
Dungeon (4/15)
 Temple: D:4-7

Altars:

Annotations:
D:3 2 transporters, indyram44's ghost, amateur GnFi
D:4 Ijyb


Innate Abilities, Weirdness & Mutations

You are immune to sickness and miasma.
You are immune to poison.
Your flesh is very heat resistant. (rF++)
You are vulnerable to cold. (rC-)
You float through the air rather than walking.
You learn spells naturally, not from books.
Your magical power is your life essence.
You have superior vitality. (+4 MHP)


Message History

Ijyb is almost dead. (Press . to maintain the ray.)
* * * LOW HITPOINT WARNING * * *
Ijyb zaps a wand.
You resist with some effort.
The searing ray misses Ijyb.
* * * LOW HITPOINT WARNING * * *
Ijyb barely misses you.
The searing ray hits Ijyb but does no damage.
Ijyb is almost dead.
* * * LOW HITPOINT WARNING * * *
Ijyb hits you but does no damage.
The searing ray hits Ijyb but does no damage.
Ijyb is almost dead.
* * * LOW HITPOINT WARNING * * *
You finish channelling your searing ray.
Ijyb hits you with a +0 club.
* * * LOW HITPOINT WARNING * * *
Casting: Searing Ray (safe; 3% risk of failure)
Confirm with . or Enter, or press ? or * to list all spells.
You don't have enough health to cast this spell.
Unknown command.
Casting: Searing Ray (safe; 3% risk of failure)
Confirm with . or Enter, or press ? or * to list all spells.
You don't have enough health to cast this spell.
Unknown command.
Casting: Searing Ray (safe; 3% risk of failure)
Confirm with . or Enter, or press ? or * to list all spells.
You don't have enough health to cast this spell.
Unknown command.
You closely miss Ijyb.
Ijyb is almost dead.
Ijyb closely misses you.
You hit Ijyb but do no damage.
Ijyb is almost dead.
Ijyb grins evilly.
Ijyb misses you.
You hit Ijyb.
Ijyb is almost dead.
Ijyb hits you with a +0 club.
You die...

...............
#.#######.....#+####+
....... #.....#....#
....... #.....#....#
...... #.....'....#
#....##.....######
#....#......#
#....#......#
#....@......#
#...g#......#
#....#......#
#....#......#
#....#......+
#....#......#
######......#
.....###


You could see Ijyb.

Vanquished Creatures
  A water moccasin (D:3)
  A necrophage (D:2)
  An orc wizard (D:3)
  3 gnolls (D:3)
  3 adders (D:2)
  An ufetubus (D:3)
  A worm (D:3)
  A dart slug (D:1)
  7 orcs (D:3)
  A ball python (D:1)
  10 bats
  3 endoplasms
  A giant cockroach (D:2)
  2 goblins (D:2)
  6 hobgoblins
  3 quokkas
  2 frilled lizards (D:3)
  4 kobolds
  3 rats
54 creatures vanquished.

Notes
Turn   | Place    | Note
-------+----------+-------------------------------------------
     0 | D:1      | porpoise the Djinni Conjurer began the quest for the Orb.
     0 | D:1      | Reached XP level 1. HP: 15/15 MP: 0/0
   305 | D:1      | Reached XP level 2. HP: 17/22 MP: 0/0
   562 | D:1      | Reached skill level 1 in Fighting
  1078 | D:2      | Found a faded altar of an unknown god.
  1134 | D:2      | Reached XP level 3. HP: 21/27 MP: 0/0
  1134 | D:2      | Learned a level 1 spell: Shock
  1399 | D:2      | Noticed a necrophage
  1409 | D:2      | Killed a necrophage
  1410 | D:2      | Reached skill level 4 in Spellcasting
  1410 | D:2      | Reached XP level 4. HP: 19/34 MP: 0/0
  1410 | D:2      | Reached XP level 5. HP: 22/39 MP: 0/0
  1410 | D:2      | Learned a level 2 spell: Wereblood
  1705 | D:2      | Identified the +0 leather armour "Teevvin" {Dex+2 Slay+3}
  2101 | D:3      | Noticed a water moccasin
  2110 | D:3      | Killed a water moccasin
  2111 | D:3      | Reached XP level 6. HP: 25/46 MP: 0/0
  2353 | D:3      | Found a transporter.
  2354 | D:3      | Noticed a water moccasin
  2357 | D:3      | Found a transporter.
  2357 | D:3      | Noticed indyram44's ghost (amateur GnFi)
  3494 | D:4      | Noticed Ijyb
  3497 | D:4      | Paralysed by Ijyb for 4 turns
  3505 | D:4      | Paralysed by Ijyb for 6 turns
  3518 | D:4      | HP: 1/47 [Ijyb (1)]
  3521 | D:4      | Slain by Ijyb

Illustrated notes

Levels and vault maps discovered:
D:1:      heliophobic_arrival_dark_side_of_the_moon, layout_basic
D:2:      layout_basic, shapermc_ecumenical_altar_acropolis
D:3:      minmay_evil_eye, layout_basic, gammafunk_ghost_arena, eino_curves_04
D:4:      cheibrodos_quashed, layout_gridville, gammafunk_ghost_stat_death,
          solitary_fountain, kennysheep_small_spiral, uniq_ijyb

Skill      XL: |  1  2  3  4  5  6 |
---------------+-------------------+-----
Fighting       | 1 2 3 |  3.8
Stealth        | 2 3 |  3.1
Spellcasting   | 4 |  4.5
Dodging        | |  2.1

Action                   |  1- 3 |  4- 6 || total
-------------------------+-------+-------++-------
Melee: Short sword       |       |     3 ||     3
 Cast: Magic Dart        |    29 |    22 ||    51
       Searing Ray       |     6 |    24 ||    30
Armor: Robe              |     1 |     9 ||    10
Dodge: Dodged            |     7 |    18 ||    25

Table legend: (Time is in decaauts)
 A = Elapsed time spent in this place.
 B = Non-inter-level travel time spent in this place.
 C = Inter-level travel time spent in this place.
 D = Time resting spent in this place.
 E = Time spent auto-exploring this place.
 F = Levels seen in this place.
 G = Mean time per level.
                   A        B        C        D        E       F      G
               +--------+--------+--------+--------+--------+-----+--------+
         Total |   3520 |   3414 |    106 |   1359 |   1680 |   4 |  880.0 |
       Dungeon |   3520 |   3414 |    106 |   1359 |   1680 |   4 |  880.0 |
               +--------+--------+--------+--------+--------+-----+--------+

Top non-repeatable levels by time:
     D:3: 1522 daAuts
     D:1: 978 daAuts
     D:2: 971 daAuts
     D:4: 48 daAuts
